 Dungeon Crawl Stone Soup version 0.29.1-15-g9cfb28693d (webtiles) character file.

Game seed: 3521327576744430334

337 fleeber the Shooter (level 6, -1/49 HPs)
             Began as a Barachi Hunter on Mar 16, 2023.
             Was an Initiate of Cheibriados.
             Slain by a troll (10 damage)
             ... on level 5 of the Dungeon.
             The game lasted 00:07:59 (2959 turns).

fleeber the Shooter (Barachi Hunter)                Turns: 2959, Time: 00:08:00

Health: -1/49      AC:  7    Str: 13    XL:     6   Next: 54%
Magic:  6/6        EV: 13    Int: 10    God:    Cheibriados [......]
Gold:   133        SH:  0    Dex: 19    Spells: 5/5 levels left

rFire   . . .      SeeInvis .   a - +0 shortbow (vorpal)
rCold   . . .      Faith    .   (shield currently unavailable)
rNeg    . . .      Spirit   .   c - +0 leather armour
rPois   .          Reflect  .   (no helmet)
rElec   .          Harm     .   e - +0 cloak
rCorr   .          Rampage  .   n - +2 pair of gloves
Will    .....                   (no boots)
Stlth   ++........              i - amulet of the acrobat
HPRegen 0.16/turn               (no ring)
MPRegen 0.10/turn               (no ring)

@: unable to hop, very slow
A: amphibious, slowness 1, strong legs 1, +LOS
a: Hop, Renounce Religion


You were on level 5 of the Dungeon.
You worshipped Cheibriados.
Cheibriados was noncommittal.
You visited 2 branches of the dungeon, and saw 6 of its levels.

You collected 133 gold pieces.

Inventory:

Hand Weapons
 a - a +0 vorpal shortbow (weapon)
Armour
 c - a +0 leather armour (worn)
 e - a +0 cloak (worn)
 n - a +2 pair of gloves (worn)
Jewellery
 i - an amulet of the acrobat (around neck)
Scrolls
 b - 3 scrolls of immolation
 d - a scroll of noise {unknown}
 g - a scroll of fog {unknown}
 j - 3 scrolls of brand weapon
 o - a scroll of enchant weapon {unknown}
 p - a scroll of summoning {unknown}
 q - a scroll of blinking {unknown}
 r - a scroll of torment {unknown}
 t - a scroll of enchant armour {unknown}
 u - 2 scrolls of teleportation {unknown}
 w - a scroll of fear {unknown}
Potions
 f - 3 potions of heal wounds
 h - 2 potions of flight
 k - 2 potions of lignification {unknown}
 l - a potion of magic {unknown}
 m - 4 potions of curing
 s - a potion of berserk rage {unknown}
 v - a potion of might {unknown}
 x - 2 potions of resistance
 z - a potion of cancellation {unknown}
 A - a potion of mutation {unknown}
 B - a potion of haste {unknown}


   Skills:
 + Level 4.5 Fighting
 * Level 6.1 Ranged Weapons
 + Level 4.0 Dodging
 - Level 0.8 Stealth


You had 5 spell levels left.
You didn't know any spells.
Your spell library contained the following spells:

 Spells                   Type           Power      Damage    Failure   Level
 Freeze                   Ice            0%         1d3       43%         1
 Frozen Ramparts          Ice            0%         1d1       82%         3
 Gell's Gravitas          Tloc           0%         N/A       82%         3
 Teleport Other           Tloc           0%         N/A       82%         3
 Hailstorm                Conj/Ice       0%         3d3       99%         4
 Dispersal                Tloc           0%         N/A       100%        6


Dungeon Overview and Level Annotations

Branches:
Dungeon (5/15)             Temple (1/1) D:5

Altars:
Cheibriados
Dithmenos
Elyvilon
Fedhas
Gozag
Hepliaklqana
Makhleb
Nemelex Xobeh
Qazlal
Ru
Trog
Uskayaw
Vehumet
Xom
The Shining One

Shops:
D:2 :


Innate Abilities, Weirdness & Mutations

You are amphibious.
You cover ground slowly.
You can hop short distances.
You have an extended range of vision and can be seen from far away.


Message History

Done exploring.
Done exploring.
Done exploring.
Done exploring.
Done exploring.
Done exploring.
Done exploring.
Done exploring.
There is a snail-covered altar of Cheibriados here.
You kneel at the altar of Cheibriados.
Cheibriados welcomes you!
Cheibriados begins to support your attributes as your movement slows.
Cheibriados is now slowing the effects of poison on you.
There is a staircase back to the Dungeon here.
Okay, then.
You climb upwards.
Welcome back to the Dungeon!
There is a staircase to the Ecumenical Temple here.
Found a stone staircase leading down.
The troll bites you but does no damage. The troll claws you.
The troll completely misses you.
Hop to where?
Press: ? - help, Dir - move target Boing!
You shoot an arrow. The arrow closely misses the troll.
You shoot an arrow. The arrow barely misses the troll.
You shoot an arrow. The arrow hits the troll!
The troll is moderately wounded.
You shoot an arrow. The arrow hits the troll.
The troll is moderately wounded.
The troll bites you! The troll claws you. The troll misses you.
Fire: a) +0 shortbow (vorpal)
Press: ? - help, Q - select action, (/) - cycle Shift-Dir - straight line, f/p - troll
Aim: a troll (moderately wounded, 66% to hit)
You shoot an arrow.
The arrow hits the troll but does no damage.
The troll is moderately wounded.
The troll bites you! The troll claws you!
* * * LOW HITPOINT WARNING * * *
The troll claws you!
You die...

#..# #.# #..###.# ..
#......# .#... #......#
## # #.#....#
..#.#....########
#........>.......
#.#.####T########
#.#....#@# # #..#.#.###
####5#........#
......#.#....#####
....#.###......#
##########.##...###....#
...........#........#..#
#######...##..>..##....#
#######.#........#.....#


You could see a troll.

Vanquished Creatures
  An orc priest (D:3)
  2 jellies (D:4)
  An orc wizard (D:3)
  3 iguanas
  7 adders
  3 worms (D:2)
  A dart slug (D:1)
  4 orcs
  3 bats
  8 endoplasms
  A giant cockroach (D:3)
  6 hobgoblins
  8 jackals
  A quokka (D:2)
  4 ball pythons
  A frilled lizard (D:2)
  6 goblins
  10 kobolds
  4 rats
74 creatures vanquished.

Notes
Turn   | Place    | Note
-------+----------+-------------------------------------------
     0 | D:1      | fleeber the Barachi Hunter began the quest for the Orb.
     0 | D:1      | Reached XP level 1. HP: 17/17 MP: 1/1
   292 | D:1      | Reached XP level 2. HP: 23/23 MP: 2/2
   651 | D:2      | Reached XP level 3. HP: 26/28 MP: 3/3
   823 | D:2      | Found Edwux's Book Shoppe.
   955 | D:2      | Found a faded altar of an unknown god.
  1127 | D:3      | Reached XP level 4. HP: 35/35 MP: 4/4
  1244 | D:3      | Reached skill level 5 in Ranged Weapons
  1718 | D:3      | Reached XP level 5. HP: 42/42 MP: 5/5
  2254 | D:4      | Reached XP level 6. HP: 48/48 MP: 6/6
  2483 | D:4      | Reached skill level 6 in Ranged Weapons
  2742 | D:5      | Entered Level 5 of the Dungeon
  2787 | D:5      | Noticed a troll
  2849 | D:5      | Found a staircase to the Ecumenical Temple.
  2859 | Temple   | Entered the Ecumenical Temple
  2922 | Temple   | Became a worshipper of Cheibriados the Contemplative
  2959 | D:5      | Slain by a troll

Illustrated notes

Levels and vault maps discovered:
D:1:      matt_arrival_los_fun, layout_rooms
D:2:      layout_rooms, ebering_ecumenical_altar_mist, serial_shops,
          nicolae_shop_trees
D:3:      layout_basic
D:4:      layout_rooms
D:5:      layout_basic, gammafunk_temple_overflow_forgotten,
          minmay_temple_entry_slanted, nicolae_alphabet_shops,
          amcnicky_mini_pool_medium
Temple:   eino_wide_crystal_templ

Skill      XL: |  1  2  3  4  5  6 |
---------------+-------------------+-----
Fighting       | 3 4 |  4.5
Ranged Weapons | 5 6 |  6.1
Dodging        | 3 4 |  4.0
Stealth        | |  0.8

Action                   |  1- 3 |  4- 6 || total
-------------------------+-------+-------++-------
 Fire: Shortbow          |    85 |   113 ||   198
 Abil: Hop               |       |     1 ||     1
  Use: Scroll            |       |     5 ||     5
Armor: Leather armour    |     8 |     7 ||    15
Dodge: Dodged            |    19 |    24 ||    43
